 Dungeon Crawl Stone Soup version bcrawl-1.37.2 (webtiles) character file.

Game seed: 1787619006230548215

9226218 Artagas the Warrior (level 19, -3/163 HPs)
             Began as a Human Spelunker on Jan 31, 2023.
             Was the Champion of Wu Jian.
             Slain by an ironheart beastmaster
             ... wielding a +3 demon whip of venom
              (15 damage)
             ... on level 1 of the Vaults on Feb 13, 2023.
             The game lasted 01:42:55 (30701 turns).

Artagas the Warrior (Human Spelunker)              Turns: 30701, Time: 01:42:55

Health: -3/163     AC: 27    Str: 19    XL:     19   Next: 13%
Magic:  23/23      EV: 11    Int: 18    God:    Wu Jian [******]
Gold:   1068       SH: 16    Dex: 12    Spells: 19/22 levels left

rFire    . . .     GDR:     35% y - +8 double sword (freeze)
rCold    + . .     SeeInvis .   f - +0 medium shield
rNeg     . . .     Gourm    .   n - +0 swamp dragon scales
rPois    +         Faith    .   V - +2 helmet {Int+3}
rElec    .         Spirit   .   W - +0 cloak {+Inv}
rCorr    .         Reflect  .   (no gloves)
MR       +....                  S - +1 pair of boots
Stlth    +.........             F - amulet "Leim Udgh" {Rage rC+ Slay+3}
HPRegen  0.37/turn              p - +3 ring of protection
MPRegen  0.18/turn              J - +5 ring of protection (curse)

@: lethally poisoned (-3 -> -38), exhausted, very slightly contaminated,
glowing, heavenly storm
A: no striking features
}: 1/15 runes: gossamer
a: Wall Jump, Serpent's Lash, Heavenly Storm, Renounce Religion, Evoke Berserk
Rage, Evoke Invisibility


You were on level 1 of the Vaults.
You worshipped Wu Jian.
Wu Jian was exalted by your worship.
You were hungry.

You visited 5 branches of the dungeon, and saw 23 of its levels.
You also visited: Trove and Ossuary.

You collected 2384 gold pieces.
You spent 1316 gold pieces at shops.

Inventory:

Hand Weapons
 y - a +8 double sword of freezing (weapon)
   (You acquired it on level 6 of the Lair of Beasts)
Missiles
 I - 10 throwing nets {=f}
Armour
 f - a +0 medium shield (worn)
   (You took it off Harold on level 1 of the Lair of Beasts)
 n - +0 swamp dragon scales (worn)
   (You found it on level 4 of the Lair of Beasts)
 S - a +1 pair of boots (worn)
 V - a +2 helmet of intelligence (worn)
   (You found it on level 6 of the Lair of Beasts)
 W - a +0 cloak of invisibility (worn)
   (You found it on level 6 of the Lair of Beasts)
Jewellery
 i - the ring of Daisies {+Fly rF+ Int+4 Dex+6}
   (You acquired it on level 6 of the Lair of Beasts)

   [ring of dexterity]

   It affects your intelligence (+4).
   It affects your dexterity (+6).
   It protects you from fire.
   It lets you fly.
 m - the ring "Kischu" {*Slow +Blink rElec Str+4 Stlth+}
   (You found it on level 3 of the Lair of Beasts)

   [ring of insulation]

   It affects your strength (+4).
   It insulates you from electricity.
   It lets you blink.
   It may slow you when you take damage.
   It makes you more stealthy.
 p - a +3 ring of protection (left hand)
   (You found it on level 11 of the Dungeon)
 F - the amulet "Leim Udgh" (around neck) {Rage rC+ Slay+3}
   (You took it off a centaur warrior on level 11 of the Dungeon)

   [amulet of rage]

   It affects your accuracy and damage with ranged weapons and melee attacks
   (+3).
   It protects you from cold.
 J - a cursed +5 ring of protection (right hand)
   (You found it on level 1 of the Spider Nest)
 P - the ring of Cuurean {Ice *Corrode MR+ Int+3}
   (You took it off Fannar on level 1 of the Lair of Beasts)

   [ring of ice]

   It enhances your ice magic.
   It affects your intelligence (+3).
   It makes you vulnerable to fire.
   It protects you from cold.
   It affects your resistance to hostile enchantments.
   It may corrode you when you take damage.
Wands
 v - a wand of digging (39)
 x - a wand of paralysis (5)
   (You took it off Nergalle on level 9 of the Dungeon)
 C - a wand of iceblast (24)
   (You found it on level 9 of the Dungeon)
 O - a wand of charming (7)
   (You found it on level 1 of the Lair of Beasts)
 Y - a wand of acid (5)
   (You bought it in a shop in the Orcish Mines)
Scrolls
 a - a scroll of silence
 l - 3 scrolls of magic mapping
 o - 3 scrolls of enchant armour
 t - 4 scrolls of teleportation
 u - 11 scrolls of remove curse
 z - a scroll of blinking
 K - 5 scrolls of fear
 M - 3 scrolls of immolation
 X - a scroll of fog
Potions
 b - 3 potions of invisibility
 d - 4 potions of might
 h - 9 potions of haste
 j - 4 potions of lignification
 q - 5 potions of curing
 r - a potion of magic
 s - 3 potions of agility
 w - a potion of heal wounds
 A - 6 potions of ambrosia
 D - 3 potions of cancellation
 E - a potion of flight
 G - 5 potions of mutation
 L - a potion of berserk rage
 Z - 2 potions of resistance
Miscellaneous
 g - a lamp of fire
Comestibles
 e - 44 rations {!d}


   Skills:
 - Level 18.2 Fighting
   Level 14.5(16.4) Short Blades
 - Level 13.5(16.0) Long Blades
 + Level 13.3 Armour
 - Level 6.0 Dodging
 - Level 3.6 Stealth
 - Level 11.0 Shields
 - Level 2.0 Spellcasting
 - Level 2.1 Hexes
 - Level 2.1 Transmutations
 - Level 2.1 Earth Magic
 - Level 6.0 Evocations


You had 19 spell levels left.
You knew the following spells:

 Your Spells              Type           Power        Failure   Level  Hunger
a - Corona                Hex            #......      50%         1    None
b - Passwall              Tmut/Erth      #.......     63%         2    ##.....

Your spell library contained the following spells:

 Spells                   Type           Power        Failure   Level  Hunger
 Static Discharge         Air            #.....       80%         1    None
 Shock                    Conj/Air       #......      90%         2    ##.....
 Swiftness                Chrm/Air       #.......     90%         2    ##.....
 Mephitic Cloud           Conj/Pois/Air  #.......     99%         3    ####...
 Lightning Bolt           Conj/Air       #.......     100%        4    ######.


Dungeon Overview and Level Annotations

Branches:
Dungeon (12/12)            Temple (0/1) D:7            Lair (6/6) D:8
 Shoals (0/3) Lair:3       Spider (3/3) Lair:3        Slime (0/5) Lair:5
    Orc (1/1) D:9             Elf (0/3) Orc          Vaults (1/3) D:12
 Depths (0/5) D:12
  Crypt: Vaults:1-2

Altars:
Cheibriados
Dithmenos
Elyvilon
Gozag
Hepliaklqana
Kikubaaqudgha
Lugonu
Makhleb
Okawaru
Qazlal
Trog
Uskayaw
Wu Jian
The Shining One
Jiyva

Shops:
D:8 [   Orc ([*:}   Vaults:1 [

Annotations:
Lair:2 exclusion: oklob plant
Lair:5 1 runed translucent door, Mumum's ghost, journeyman DrFE; Rupert
Spider:3 exclusion: 2 orange crystal statues


Message History

You spin and attack the ironheart convoker repeatedly, with incredible momentum.
You slice the ironheart convoker!! You freeze the ironheart convoker!
The ironheart convoker is heavily wounded.
You slice the ironheart convoker!! You freeze the ironheart convoker!
You blow up the ironheart convoker!
The Council accepts your kill.
Training target 16.0 for Long Blades reached!
You need to enable at least one skill for training.
You lunge with incredible momentum at the ironheart convoker.
You slice the ironheart convoker!! You freeze the ironheart convoker.
The ironheart convoker is heavily wounded.
You spin and attack the ironheart beastmaster, with incredible momentum.
You slash the ironheart beastmaster! You freeze the ironheart beastmaster.
The ironheart beastmaster is moderately wounded.
You feel drained.
Your supernatural speed expires.
Things that are here:
a +0 battleaxe; a +0 ring mail Unknown command.
You spin and attack the deep troll shaman.
You slash the deep troll shaman! You freeze the deep troll shaman.
The deep troll shaman is moderately wounded.
You spin and attack the ironheart convoker.
You slash the ironheart convoker! You freeze the ironheart convoker.
The ironheart convoker is almost dead.
The deep troll shaman barely misses you.
The deep troll shaman claws you.
The deep troll shaman claws you but does no damage.
The ironheart beastmaster barely misses you.
The ironheart convoker casts a spell at the ironheart beastmaster.
The ironheart beastmaster seems to grow stronger.
The ironheart beastmaster hits you from afar with a +3 demon whip of venom!!
You are poisoned.
Unknown command.
You lunge at the dire elephant.
You slice the dire elephant!! You freeze the dire elephant!
The dire elephant is heavily wounded.
You spin and attack the deep troll shaman.
You slash the deep troll shaman! You freeze the deep troll shaman.
The deep troll shaman is severely wounded.
You spin and attack the ironheart convoker.
You slice the ironheart convoker!! You freeze the ironheart convoker.
You kill the ironheart convoker!
The Council accepts your kill.
You feel very sick.
You block the deep troll shaman's attack.
The deep troll shaman claws you! The deep troll shaman claws you.
Things that are here:
a +0 battleaxe; a +0 ring mail You spin and attack the deep troll shaman.
You slash the deep troll shaman! You freeze the deep troll shaman.
The deep troll shaman is almost dead.
You spin and attack the dire elephant.
You slice the dire elephant!! You freeze the dire elephant!
The dire elephant is moderately wounded.
You spin and attack the dire elephant.
You chop the dire elephant into pieces!!!
You freeze the dire elephant!
You kill the dire elephant!
The Council accepts your kill.
You feel very sick.
You block the deep troll shaman's attack. x3
The ironheart beastmaster hits you from afar with a +3 demon whip of venom!!
You are more poisoned.
The ironheart beastmaster hits you from afar with a +3 demon whip of venom!!
The dire elephant closely misses you.
The dire elephant trunk-slaps you but does no damage.
Things that are here:
a +0 mace; a +0 scale mail You spin and attack the deep troll shaman.
You chop the deep troll shaman into pieces!!!
You freeze the deep troll shaman.
You kill the deep troll shaman!
The Council accepts your kill.
You spin and attack the dire elephant repeatedly.
You open the dire elephant like a pillowcase!!!
You freeze the dire elephant!!
You kill the dire elephant!
The Council accepts your kill.
You feel very sick.
You block the ironheart beastmaster's attack. x2
Your life force feels restored.
You lunge at the ironheart beastmaster.
You slice the ironheart beastmaster!! You freeze the ironheart beastmaster!
The ironheart beastmaster is almost dead.
A fire dragon comes into view.
You feel very sick.
The ironheart beastmaster hits you with a +3 demon whip of venom!!
* * * LOW HITPOINT WARNING * * *
You are more poisoned.
The ironheart beastmaster closely misses you.
The fire dragon moves out of view.
You see here a dire elephant corpse.
Blink to where?
Press: ? - help, Dir - move target cursor You are very lightly contaminated with residual magic.
As you read the scroll of blinking, it crumbles to dust.
* * * LOW HITPOINT WARNING * * *
You feel very sick.
The ironheart beastmaster hits you from afar with a +3 demon whip of venom!
You die...

#...........
#...........
#....#######
########....#
............#
............#
.....§§§§§.☼#
.....§§§§§☼☼#
#####§§@§§§§#
#☼§☼§§§§#
#§§§☼p☼§#
#.§§§☼☼§#
#..☼☼§§§#
#.......#
#....D..#
#%......#
#.......#


You could see an ironheart beastmaster.

Vanquished Creatures
  Saint Roka (Orc)
  5 ghost moths
  A fire giant (D:12)
  2 emperor scorpions (Spider:3)
  An orc warlord (Orc)
  Nessos (Orc)
  An entropy weaver (Spider:3)
  2 dire elephants (Vaults:1)
  3 spark wasps
  Snorg (Lair:3)
  Harold (Lair:1)
  A vault guard (D:12)
  Fannar (Lair:1)
  7 hydras
  An ogre mage (Vaults:1)
  An alligator (Lair:4)
  A merfolk avatar (Lair:6)
  A deep troll shaman (Vaults:1)
  2 two-headed ogres (Vaults:1)
  A sea snake (Lair:6)
  5 orc high priests
  Nergalle (D:9)
  8 centaur warriors
  A swamp dragon (Lair:4)
  A glowing orange brain (D:12)
  An unseen horror (D:12)
  2 cyclopes
  2 harpies (Lair:6)
  3 ironheart convokers (Vaults:1)
  5 orc knights (Orc)
  14 orb spiders
  A wolf spider zombie (D:12)
  Pikel (D:4)
  5 orc sorcerers (Orc)
  A necromancer (Lair:3)
  30 wolf spiders
  4 deep elf magi
  A moth of wrath (Spider:2)
  6 ugly things
  A manticore (Lair:6)
  26 elephants
  A merfolk siren (Lair:3)
  12 cane toads
  2 gargoyles
  3 black mambas
  A torpor snail (Lair:6)
  23 jumping spiders
  2 kobold demonologists (D:12)
  A yaktaur (shapeshifter) (Vaults:1)
  7 rime drakes
  16 demonic crawlers
  5 komodo dragons
  A tengu conjurer (D:7)
  2 eyes of draining
  Maurice (D:9)
  A meliai (shapeshifter) (D:12)
  2 trolls (shapeshifter)
  7 trolls
  8 hornets
  Grinder (D:3)
  7 polar bears
  A harpy skeleton (D:12)
  Prince Ribbit (D:8)
  A meliai zombie (D:8)
  21 blink frogs
  9 dream sheep
  A wind drake (Lair:6)
  A human simulacrum (Vaults:1)
  6 hippogriffs
  6 slime creatures
  Grum (D:8)
  A shadow (D:12)
  A spriggan (Lair:5)
  A spriggan (shapeshifter) (D:12)
  16 yaks
  16 tarantellas
  3 wraiths
  6 wyverns
  A vampire (D:10)
  A golden eye (shapeshifter) (D:12)
  A basilisk (Lair:6)
  28 redbacks
  A hungry ghost (D:9)
  20 crocodiles
  Edmund (D:4)
  A warg (Orc)
  2 vampire mosquitoes (D:12)
  2 acid dragons
  3 swamp worms (Lair:4)
  2 swamp drakes
  Duvessa (D:4)
  11 water moccasins
  7 porcupines
  9 ice beasts
  32 orc warriors
  2 black bears
  3 sky beasts
  A necrophage (D:12)
  A phantom (D:9)
  10 ogres
  A hornet zombie (D:6)
  52 wolves
  9 bullfrogs
  2 kobold brigands (D:12)
  Blork the orc (D:4)
  A wyvern skeleton (D:9)
  9 centaurs
  Dowan (D:4)
  4 scorpions
  A water moccasin skeleton (D:10)
  11 wights
  3 electric eels
  8 howler monkeys
  25 orc priests
  13 crimson imps
  2 bullfrog zombies (D:6)
  A jelly (D:8)
  30 orc wizards
  12 hounds
  3 bullfrog skeletons
  Jessica (D:3)
  4 iguanas
  5 hell rats (Lair:3)
  A polar bear simulacrum (Lair:3)
  11 worker ants
  3 yak simulacra (Lair:3)
  5 wolf simulacra (Lair:3)
  A killer bee zombie (D:8)
  3 hound skeletons
  A mummy (Ossuary)
  A howler monkey zombie (D:5)
  2 worker ant zombies
  6 adders
  5 shadow imps
  2 oozes
  3 adder skeletons
  5 adder zombies
  5 worms
  2 dart slugs (D:1)
  A dart slug (shapeshifter) (D:12)
  2 leopard geckos
  100 orcs
  3 bats
  7 giant cockroaches
  4 goblins
  11 hobgoblins
  5 jackals
  4 quokkas
  4 frilled lizards
  6 gnoll skeletons (Ossuary)
  6 kobolds
  8 kobold skeletons (Ossuary)
  11 orc skeletons (Ossuary)
  8 rats
  2 river rat simulacra (Lair:3)
  A butterfly (Lair:5)
927 creatures vanquished.

Vanquished Creatures (others)
  2 wolf spiders
  A redback (Spider:3)
  2 slaves (D:4)
  2 orc priests (D:4)
  A hound (D:11)
  A worker ant (D:4)
  A howler monkey skeleton (D:4)
  4 orcs (D:4)
  19 fungi
  30 plants
63 creatures vanquished.

Grand Total: 990 creatures vanquished

Notes
Turn   | Place    | Note
-------+----------+-------------------------------------------
     0 | D:1      | Artagas the Human Spelunker began the quest for the Orb.
     0 | D:1      | Reached XP level 1. HP: 16/16 MP: 3/3
   121 | D:1      | Reached XP level 2. HP: 23/23 MP: 5/5
   173 | D:1      | Reached skill level 3 in Fighting
   266 | D:1      | Reached XP level 3. HP: 29/29 MP: 6/6
   768 | D:2      | Found an ornate altar of the Wu Jian Council.
   792 | D:2      | Became a worshipper of the Wu Jian Council
  1328 | D:2      | Found a corrupted altar of Lugonu.
  1339 | D:2      | Reached skill level 4 in Fighting
  1339 | D:2      | Reached XP level 4. HP: 37/37 MP: 7/7
  1631 | D:2      | Found a stormy altar of Qazlal.
  2026 | D:3      | Reached skill level 3 in Short Blades
  2026 | D:3      | Reached XP level 5. HP: 33/42 MP: 2/8
  2158 | D:3      | Found an iron altar of Okawaru.
  2256 | D:3      | Noticed Jessica
  2376 | D:3      | Reached skill level 4 in Short Blades
  2477 | D:3      | Reached * piety under Wu Jian
  3006 | D:3      | Noticed Grinder
  3019 | D:3      | Killed Grinder
  3020 | D:3      | Reached skill level 5 in Fighting
  3020 | D:3      | Reached skill level 6 in Fighting
  3020 | D:3      | Reached XP level 6. HP: 37/52 MP: 6/9
  3040 | D:3      | Reached skill level 1 in Armour
  3079 | D:3      | Reached XP level 7. HP: 41/58 MP: 8/10
  3345 | D:3      | Reached skill level 2 in Armour
  3883 | D:3      | Killed Jessica
  3884 | D:3      | Reached skill level 1 in Long Blades
  4161 | D:4      | Noticed Blork the orc
  4217 | D:4      | Noticed Edmund
  4293 | D:4      | Got a transparent rapier
  4330 | D:4      | Noticed Pikel
  4330 | D:4      | Noticed Duvessa
  4330 | D:4      | Noticed Dowan
  4331 | D:4      | Identified the +4 rapier "Beetlebane" {flame, Fragile Dex+2
                  | Stlth+} (You found it on level 4 of the Dungeon)
  4344 | D:4      | Killed Duvessa
  4345 | D:4      | Killed Dowan
  4346 | D:4      | Reached skill level 5 in Short Blades
  4357 | D:4      | Killed Pikel
  4358 | D:4      | Reached skill level 7 in Short Blades
  4358 | D:4      | Reached XP level 8. HP: 58/64 MP: 8/11
  4455 | D:4      | Identified the +8 short sword of the Saviour {pain, rPois
                  | Stlth+}
  4485 | D:4      | Reached skill level 8 in Short Blades
  4485 | D:4      | Reached skill level 1 in Dodging
  4594 | D:4      | Reached skill level 3 in Evocations
  4632 | D:4      | Killed Blork the orc
  4644 | D:4      | Reached skill level 2 in Dodging
  4644 | D:4      | Reached XP level 9. HP: 65/69 MP: 10/12
  4659 | D:4      | Reached skill level 3 in Armour
  4744 | D:4      | Reached ** piety under Wu Jian
  4905 | D:4      | Killed Edmund
  4906 | D:4      | Reached skill level 4 in Evocations
  4997 | D:4      | Reached skill level 3 in Dodging
  5104 | D:4      | Found an opulent altar of Gozag.
  5236 | D:5      | Entered Level 5 of the Dungeon
  5340 | D:5      | Found a burning altar of Makhleb.
  5363 | D:5      | Found a sand-covered staircase.
  5368 | Ossuary  | Entered an ossuary
  5386 | Ossuary  | Reached skill level 4 in Armour
  5559 | Ossuary  | Reached *** piety under Wu Jian
  5614 | D:5      | Reached skill level 4 in Dodging
  5652 | D:5      | Reached skill level 9 in Short Blades
  6256 | D:6      | Found a shadowy altar of Dithmenos.
  6276 | D:6      | Noticed a troll
  6290 | D:6      | Killed a troll
  6291 | D:6      | Reached skill level 7 in Fighting
  6291 | D:6      | Reached skill level 10 in Short Blades
  6372 | D:6      | Found a hazy altar of Hepliaklqana.
  6407 | D:6      | Reached XP level 10. HP: 79/79 MP: 13/13
  6818 | D:6      | Reached skill level 11 in Short Blades
  6955 | D:7      | Found an ancient bone altar of Kikubaaqudgha.
  6971 | D:7      | Reached **** piety under Wu Jian
  7173 | D:7      | Found a snail-covered altar of Cheibriados.
  7210 | D:7      | Found a staircase to the Ecumenical Temple.
  7700 | D:7      | Found a hide-covered altar of Uskayaw.
  7814 | D:7      | Reached skill level 8 in Fighting
  7855 | D:7      | Found a white marble altar of Elyvilon.
  7922 | D:8      | Noticed Prince Ribbit
  7923 | D:8      | Killed Prince Ribbit
  7963 | D:8      | Noticed Grum
  8012 | D:8      | Noticed a deep elf mage
  8098 | D:8      | Killed Grum
  8099 | D:8      | Reached skill level 9 in Fighting
  8099 | D:8      | Reached skill level 12 in Short Blades
  8110 | D:8      | Killed a deep elf mage
  8111 | D:8      | Reached XP level 11. HP: 54/89 MP: 8/14
  8750 | D:8      | Noticed a cyclops
  8755 | D:8      | Killed a cyclops
  8756 | D:8      | Reached skill level 10 in Fighting
  8888 | D:8      | Reached skill level 13 in Short Blades
  8913 | D:8      | Found Hibe's Antique Armour Emporium.
  9536 | D:8      | Found a staircase to the Lair.
  9743 | Lair:1   | Entered Level 1 of the Lair of Beasts
  9743 | Lair:1   | Noticed Harold
  9752 | Lair:1   | Killed Harold
 10183 | Lair:1   | Reached ***** piety under Wu Jian
 10189 | Lair:1   | Found a glowing golden altar of the Shining One.
 10480 | Lair:1   | Identified the ring of Cuurean {Ice *Corrode MR+ Int+3}
 10480 | Lair:1   | Noticed Fannar
 10486 | Lair:1   | Killed Fannar
 10487 | Lair:1   | Reached skill level 11 in Fighting
 10487 | Lair:1   | Reached XP level 12. HP: 100/100 MP: 15/15
 11313 | Lair:2   | Reached skill level 12 in Fighting
 12017 | Lair:3   | Found a staircase to the Shoals.
 12042 | Lair:3   | Reached skill level 13 in Fighting
 12042 | Lair:3   | Found a hole to the Spider Nest.
 12059 | Lair:3   | Noticed Snorg
 12382 | Lair:3   | Got a transparent bronze ring
 12400 | Lair:3   | Identified the ring "Kischu" {*Slow +Blink rElec Str+4
                  | Stlth+} (You found it on level 3 of the Lair of Beasts)
 13055 | Lair:3   | Killed Snorg
 13305 | Lair:4   | Reached skill level 14 in Fighting
 13399 | Lair:4   | Reached XP level 13. HP: 103/113 MP: 13/16
 13548 | Lair:4   | Got a bloodstained flail {@q1}
 13653 | Lair:4   | HP: 16/114 [some deep water collision (9)]
 13659 | Lair:4   | Reached skill level 15 in Fighting
 13853 | Lair:4   | Noticed a six-headed hydra
 13866 | Lair:4   | Killed a six-headed hydra
 14605 | Lair:4   | Noticed a six-headed hydra
 14609 | Lair:4   | Noticed Sonja
 14610 | Lair:4   | Killed a six-headed hydra
 14613 | Lair:4   | Noticed Sonja
 14613 | Lair:4   | Sonja changed into Sonja the blink frog
 14618 | Lair:4   | Killed Sonja the blink frog
 14896 | Lair:4   | Noticed a four-headed hydra
 14913 | Lair:4   | HP: 17/117 [poisoned by a swamp dragon (poison gas)]
 14918 | Lair:4   | HP: 12/117 [poisoned by a swamp dragon (poison gas)]
 15110 | Lair:4   | Killed a four-headed hydra
 15111 | Lair:4   | Reached skill level 16 in Fighting
 15860 | Lair:5   | Found a staircase to the Slime Pits.
 15860 | Lair:5   | Found a viscous altar of Jiyva.
 16011 | Lair:5   | Noticed a six-headed hydra
 16013 | Lair:5   | Killed a six-headed hydra
 16171 | Lair:5   | Reached XP level 14. HP: 89/126 MP: 11/17
 16455 | Lair:5   | Found a runed translucent door.
 16464 | Lair:5   | Noticed Mumum's ghost (journeyman DrFE)
 16499 | Lair:5   | Reached skill level 17 in Fighting
 16888 | Lair:6   | Entered Level 6 of the Lair of Beasts
 16958 | Lair:6   | Reached skill level 18 in Fighting
 17126 | Lair:6   | Reached skill level 14 in Short Blades
 17271 | Lair:6   | Reached ****** piety under Wu Jian
 17393 | Lair:6   | Reached skill level 5 in Armour
 17744 | Lair:6   | Reached skill level 5 in Dodging
 17748 | Lair:6   | Reached skill level 6 in Armour
 17871 | Lair:6   | Reached XP level 15. HP: 96/136 MP: 18/18
 18112 | Lair:6   | Reached skill level 7 in Armour
 18360 | Lair:6   | Reached skill level 6 in Dodging
 19087 | Lair:6   | Identified 2 scrolls of acquirement
 19088 | Lair:6   | Identified the +4 medium shield of the Shore {-Tele rF++
                  | SInv Stlth-} (You acquired it on level 6 of the Lair of
                  | Beasts)
 19088 | Lair:6   | Identified the ring of Isint {rPois Dex+4 SInv} (You
                  | acquired it on level 6 of the Lair of Beasts)
 19089 | Lair:6   | Identified the -4 buckler of Dohec {*Contam rPois rF+++
                  | Regen+} (You acquired it on level 6 of the Lair of Beasts)
 19089 | Lair:6   | Identified the ring of Daisies {+Fly rF+ Int+4 Dex+6} (You
                  | acquired it on level 6 of the Lair of Beasts)
 19089 | Lair:6   | Identified Seck's Grimoire of Feathers and the Escort (You
                  | acquired it on level 6 of the Lair of Beasts)
 19116 | Lair:6   | Identified the +3 flail of the Spider {elec, Str+4, @q1}
                  | (You found it on level 4 of the Lair of Beasts)
 19182 | Lair:5   | Noticed Rupert
 19467 | D:9      | Noticed Nergalle
 19472 | D:9      | Paralysed by Nergalle for 2 turns
 19477 | D:9      | Killed Nergalle
 19478 | D:9      | Reached skill level 8 in Armour
 19781 | D:9      | Found a staircase to the Orcish Mines.
 19967 | D:9      | Noticed Maurice
 19974 | D:9      | Killed Maurice
 20229 | D:9      | Found a bloodstained altar of Trog.
 20230 | D:9      | Identified the +6 dagger of Satyriasis {elec, rF+}
 20543 | D:10     | Entered Level 10 of the Dungeon
 20566 | D:10     | Reached skill level 9 in Armour
 21240 | D:11     | Reached skill level 10 in Armour
 21651 | D:11     | Found a portal to a secret trove of treasure.
 22131 | D:11     | Reached skill level 1 in Shields
 22146 | D:11     | Identified the amulet "Leim Udgh" {Rage rC+ Slay+3}
 22284 | D:12     | Entered Level 12 of the Dungeon
 22303 | D:12     | Reached skill level 2 in Shields
 22308 | D:12     | Reached skill level 5 in Evocations
 22473 | D:12     | Noticed a fire giant
 22473 | D:12     | Reached skill level 3 in Shields
 22480 | D:12     | Reached skill level 6 in Evocations
 22480 | D:12     | Reached skill level 4 in Shields
 22481 | D:12     | Killed a fire giant
 22482 | D:12     | Reached skill level 5 in Shields
 22649 | D:12     | Reached skill level 6 in Shields
 22980 | D:12     | Reached skill level 7 in Shields
 23070 | D:12     | Found a staircase to the Depths.
 23178 | D:12     | Found a gate to the Vaults.
 23389 | D:12     | Found a shadowy altar of Dithmenos.
 23644 | Orc      | Entered the Orcish Mines
 23647 | Orc      | Reached XP level 16. HP: 143/143 MP: 20/20
 23678 | Orc      | Found a staircase to the Elven Halls.
 23921 | Orc      | Reached skill level 8 in Shields
 24102 | Orc      | Noticed Saint Roka
 24111 | Orc      | Killed Saint Roka
 24112 | Orc      | Reached skill level 9 in Shields
 24114 | Orc      | Noticed Nessos
 24117 | Orc      | Killed Nessos
 24124 | Orc      | Reached skill level 10 in Shields
 24132 | Orc      | HP: 7/143 [orc warlord/+0 great mace (51)]
 24334 | Orc      | Reached skill level 11 in Armour
 24755 | Orc      | Paralysed by an orc sorcerer for 2 turns
 24935 | Orc      | Found Ugosoi Siaka's General Store.
 25034 | Orc      | Found Efodwyta's Antique Armour Emporium.
 25034 | Orc      | Found Zolodemy's Antique Weapon Emporium.
 25036 | Orc      | Found Poimn's Book Shoppe.
 25372 | Orc      | Found Dighos's Gadget Emporium.
 25415 | Orc      | Bought a wand of acid (5) for 192 gold pieces
 25415 | Orc      | Bought a wand of digging (6) for 224 gold pieces
 25918 | Spider:1 | Entered Level 1 of the Spider Nest
 26075 | Spider:1 | Reached skill level 12 in Armour
 27359 | Spider:3 | Entered Level 3 of the Spider Nest
 27368 | Spider:3 | Reached skill level 11 in Shields
 27373 | Spider:3 | Reached XP level 17. HP: 68/150 MP: 21/21
 27376 | Spider:2 | Reached skill level 13 in Armour
 27376 | Spider:2 | Reached skill level 2 in Long Blades
 27779 | Spider:3 | Reached skill level 3 in Long Blades
 27795 | Spider:3 | Reached skill level 4 in Long Blades
 27799 | Spider:3 | Reached skill level 5 in Long Blades
 27802 | Spider:3 | Reached skill level 6 in Long Blades
 27814 | Spider:3 | Reached skill level 7 in Long Blades
 27828 | Spider:3 | Reached skill level 8 in Long Blades
 28111 | Spider:3 | Got a jewelled flail
 28155 | Spider:3 | Reached skill level 9 in Long Blades
 28477 | Spider:3 | Reached skill level 10 in Long Blades
 28484 | Spider:3 | HP: 10/150 [spark wasp (16)]
 29165 | Spider:3 | Reached skill level 11 in Long Blades
 29408 | Spider:3 | Identified the +2 flail "Litaiss" {flame, rF+} (You found
                  | it on level 3 of the Spider Nest)
 29408 | Spider:3 | Got a gossamer rune of Zot
 29845 | Vaults:1 | Entered Level 1 of the Vaults
 30113 | Vaults:1 | Reached skill level 12 in Long Blades
 30240 | Vaults:1 | Found Oblur's Armour Boutique.
 30246 | Vaults:1 | Bought +0 ice dragon scales for 900 gold pieces
 30261 | Vaults:1 | Reached XP level 18. HP: 141/157 MP: 22/22
 30409 | D:11     | You paid a toll of +2 ice dragon scales to enter a treasure
                  | trove
 30410 | Trove    | Entered a treasure trove
 30432 | Trove    | Identified the amulet "Nastree" {Rage Str+3}
 30455 | Trove    | Identified the cursed +2 long sword "Jipau" {slice, rF-
                  | rN++ Str+4}
 30514 | Trove    | Reached skill level 13 in Long Blades
 30514 | Trove    | Reached XP level 19. HP: 163/163 MP: 23/23
 30700 | Vaults:1 | HP: 14/163 [ironheart beastmaster/+3 demon whip of venom
                  | (30)]
 30701 | Vaults:1 | Slain by an ironheart beastmaster

Skill      XL: |  1  2  3  4  5  6  7  8  9 10 11 12 13 14 15 16 17 18 |
---------------+-------------------------------------------------------+-----
Fighting       | 3 4 6 7 9 11 14 16 18 | 18.2
Short Blades   | 3 4 7 8 10 12 13 14 | 14.5
Armour         | 1 2 4 6 10 12 13 | 13.3
Long Blades    | 1 12 13 | 13.5
Dodging        | 2 4 5 6 |  6.0
Evocations     | 3 4 6 |  6.0
Shields        | 7 11 | 11.0
Stealth        | |  3.6
Spellcasting   | |  2.0
Hexes          | |  2.1
Transmutations | |  2.1
Earth Magic    | |  2.1

Action                   |  1- 3 |  4- 6 |  7- 9 | 10-12 | 13-15 | 16-18 | 19-21 || total
-------------------------+-------+-------+-------+-------+-------+-------+-------++-------
Melee: Dagger            |   105 |   161 |    36 |       |       |       |       ||   302
       Rapier            |       |       |   236 |   636 |  1291 |   789 |       ||  2952
       Falchion          |       |       |     7 |       |       |       |       ||     7
       Double sword      |       |       |       |       |       |    88 |    22 ||   110
Throw: Stone             |     2 |     7 |     1 |     1 |       |       |       ||    11
       Tomahawk          |       |       |       |    11 |    20 |       |       ||    31
 Cast: Corona            |     7 |    22 |     6 |       |       |       |       ||    35
       Passwall          |     1 |       |     3 |       |       |       |       ||     4
Invok: Lunge             |     6 |    10 |    18 |    48 |    82 |    60 |     3 ||   227
       Whirlwind         |     4 |     4 |    98 |   260 |   502 |   492 |    15 ||  1375
       Heavenly Storm    |       |       |       |     2 |     3 |    11 |     1 ||    17
 Abil: Serpent's Lash    |       |       |       |     9 |    25 |    28 |     1 ||    63
       Wall Jump         |       |       |       |     1 |       |       |       ||     1
       Evoke Invisibilit |       |       |       |       |     1 |       |       ||     1
       Evoke Berserk Rag |       |       |       |       |       |     1 |       ||     1
Evoke: Lamp of fire      |     1 |     1 |     1 |     2 |       |     1 |       ||     6
       Wand              |       |       |       |       |     3 |     1 |       ||     4
  Use: Scroll            |     2 |     2 |     7 |    11 |    10 |    13 |     1 ||    46
       Potion            |       |     1 |     3 |       |     4 |     7 |       ||    15
 Stab: Sleeping          |     8 |     1 |    11 |    15 |    11 |     1 |       ||    47
       Distracted        |       |       |     1 |     2 |     6 |     2 |       ||    11
       Confused          |       |       |       |       |     1 |       |       ||     1
       Invisible         |       |       |       |       |     3 |       |       ||     3
       Paralysed         |       |       |       |       |     1 |     1 |       ||     2
  Eat: Chunk             |     3 |     9 |     9 |    31 |    55 |    25 |       ||   132
       Ration            |       |       |     3 |     2 |     3 |     6 |       ||    14
Armor: Leather armour    |    12 |    25 |    15 |       |       |       |       ||    52
       Scale mail        |       |       |    33 |   112 |   169 |       |       ||   314
       Swamp dragon scal |       |       |       |       |    52 |   283 |     4 ||   339
Dodge: Dodged            |    30 |    65 |    97 |   180 |   363 |   176 |    10 ||   921
Block: Medium shield     |       |       |       |       |     9 |   314 |    12 ||   335

Levels and vault maps discovered:
D:1:      heliophobic_arrival_ceremonial_halls, layout_basic
D:2:      layout_loops_ring, grunt_qazlal_clouds, lemuel_crystal_altar,
          overflow_temple_1_default, first_ration, kennysheep_generic_room_10
D:3:      layout_basic, okawaru_gym_becter, uniq_grinder, uniq_jessica
D:4:      layout_basic, serial_forest, infiniplex_forest_end_3,
          infiniplex_forest_clump_tiny, infiniplex_forest_lined_corner,
          infiniplex_forest_clump_small, infiniplex_forest_clump_small,
          grunt_gozag_statues, uniq_edmund, uniq_pikel, uniq_blork_the_orc,
          uniq_duvessa
D:5:      layout_basic, nicolae_overflow_crystal_walls, enter_ossuary_5,
          amcnicky_mini_rare_corridor_liquid
D:6:      layout_cave_pools, overflow_temple_1_default, lemuel_crystal_altar,
          serial_undead, serial_undead_d, serial_undead_b, serial_undead_b,
          serial_undead_e, serial_undead_e, serial_undead_c
D:7:      layout_rooms, lemuel_doored_altar, lemuel_coloured_pillars_altar,
          lemuel_round_altar, minmay_temple_entry_waves, basic_altar,
          grunt_ogre_cave
D:8:      layout_basic, erik_lair_dragon, serial_shops, shop, serial_glass,
          glass_columns_b, glass_columns_b, glass_columns_c, glass_columns_a,
          glass_columns_a, glass_columns_b, guppyfry_early_elven_hall,
          uniq_prince_ribbit1, uniq_grum
D:9:      layout_irregular_city, bloody_trog, erik_orc_1, uniq_nergalle,
          uniq_maurice
D:10:     layout_cave_pools
D:11:     layout_rooms, nicolae_trove_entry_free_sample
D:12:     gammafunk_enter_depths_forms, layout_basic, david_vaults_5,
          dreamdust_princess_bridge, nicolae_dithmenos_shadow_blocks
Lair:1:   layout_small_grid, nicolae_volcano_entry_s_turn, basic_altar,
          uniq_harold, uniq_fannar
Lair:2:   layout_chaotic_city, grunt_megastairs_3, infiniplex_staircase_pool,
          lemuel_fruit_tree, minmay_lair_oklob_chamber
Lair:3:   layout_roguey, minmay_shoals_entry_lonely_mermaid,
          nicolae_spider_entry_non_spiders, hangedman_lair_unloving_vines,
          eino_house_with_fridge, uniq_snorg
Lair:4:   onia_ninara_swampy_vault, layout_layer_cave,
          grunt_forest_large_clearings, infiniplex_staircase_pool_2, uniq_sonja
Lair:5:   layout_regular_city, slime_altar_1, ebering_ghost_reflecting_pool,
          serial_bayou_pond_a, grunt_forest_stairs_clearing,
          lemuel_fruit_fields, serial_bayou_shore_b, uniq_rupert
Lair:6:   gammafunk_lair_ancient_temple, layout_regular_city,
          serial_bayou_lagoon_b
Spider:1: layout_spider_delve
Spider:2: layout_spider_delve, nicolae_spider_cling_halls
Spider:3: grunt_spider_rune_island, nicolae_crawler_farm
Orc:      st_orc_congregation, layout_diamond_mine, serial_shops, shop,
          uniq_nessos, uniq_saint_roka
Vaults:1: minmay_crypt_entry_necro_gods, v_misc_17, v_misc_30,
          nicolae_vaults_triangles, v_misc_10, vaults_room_corners,
          layout_vaults_quadrants, serial_shops, shop

Table legend:
 A = Turns spent in this place as a percentage of turns spent in the entire game.
 B = Non-inter-level travel turns spent in this place as a percentage of non-inter-level travel turns spent in the entire game.
 C = Inter-level travel turns spent in this place as a percentage of turns spent in this place.
 D = Turns resting spent in this place as a percentage of non-inter-level travel turns spent in this place.
 E = Turns spent auto-exploring this place as a percentage of non-inter-level travel turns spent in this place.
 F = Non-inter-level travel turns spent in this place divided by the number of levels of this place that you've seen.
                   A       B       C       D       E      F
               +-------+-------+-------+-------+-------+----------------------
         Total | 100.0 | 100.0 |   8.0 |  22.2 |  55.9 | 1129.4
       Dungeon |  46.8 |  45.5 |  10.5 |  18.0 |  58.8 | 1070.8
          Lair |  32.7 |  33.0 |   7.2 |  17.3 |  66.0 | 1551.2
   Spider Nest |  11.6 |  12.2 |   3.4 |  43.8 |  31.5 | 1147.3
  Orcish Mines |   5.9 |   6.3 |   1.1 |  35.5 |  42.3 | 1789.0
        Vaults |   1.9 |   1.7 |  15.7 |  41.6 |  32.9 | 483.0
         Trove |   0.5 |   0.6 |   0.0 |   0.0 |  15.0 | 167.0
       Ossuary |   0.6 |   0.7 |   0.0 |   0.0 |  36.5 | 197.0
               +-------+-------+-------+-------+-------+----------------------

Table legend:
 A = Kills in this place as a percentage of kills in entire the game.
 B = Kills by you in this place as a percentage of kills by you in the entire game.
 C = Kills by friends in this place as a percentage of kills by friends in the entire game.
 D = Other kills in this place as a percentage of other kills in the entire game.
 E = Experience gained in this place as a percentage of experience gained in the entire game.
 F = Experience gained in this place divided by the number of levels of this place that you have seen.
                   A       B       C       D       E      F
               +-------+-------+-------+-------+-------+----------------------
         Total | 100.0 | 100.0 |   N/A | 100.0 | 100.0 | 8547.8
       Dungeon |  38.4 |  37.8 |   N/A |  83.3 |  19.0 | 3380.6
          Lair |  27.4 |  27.8 |   N/A |   0.0 |  31.6 | 11255.3
   Spider Nest |  15.7 |  15.7 |   N/A |  16.7 |  32.2 | 22915.0
  Orcish Mines |  13.5 |  13.7 |   N/A |   0.0 |  10.8 | 23049.0
        Vaults |   2.1 |   2.2 |   N/A |   0.0 |   6.3 | 13558.0
       Ossuary |   2.9 |   2.9 |   N/A |   0.0 |   0.1 | 245.0
               +-------+-------+-------+-------+-------+----------------------
